 Dungeon Crawl Stone Soup version 0.19.0-18-g426998a (webtiles) character file.

259 grimtage the Skirmisher (level 6, -5/49 HPs)
             Began as a Merfolk Berserker on Nov 11, 2016.
             Was a Priest of Trog.
             Slain by an ogre
             ... wielding a +0 giant spiked club
              (8 damage)
             ... on level 5 of the Dungeon.
             The game lasted 00:18:52 (3271 turns).

grimtage the Skirmisher (Merfolk Berserker)         Turns: 3271, Time: 00:18:53

Health: -5/49      AC: 11    Str: 20    XL:     6   Next: 17%
Magic:  6/6        EV:  9    Int:  6    God:    Trog [***...]
Gold:   100        SH:  0    Dex: 13    Spells: 0 memorised, 5 levels left

rFire  . . .     SeeInvis .     x - +1 dagger (protect)
rCold  . . .     Gourm    .     y - +0 chain mail
rNeg   + . .     Faith    .     (no shield)
rPois  .         Spirit   .     (no helmet)
rElec  .         Reflect  .     n - +0 cloak
rCorr  .         Harm     .     (no gloves)
MR     .....                    m - +0 pair of boots
Stlth  ..........               (no amulet)
                                (no ring)
                                h - ring of positive energy

@: no status effects
A: change form in water, swift swim, stealthy swim
a: Berserk, Trog's Hand, Burn Spellbooks, Renounce Religion


You were on level 5 of the Dungeon.
You worshipped Trog.
Trog was most pleased with you.
You were not hungry.

You visited 1 branch of the dungeon, and saw 5 of its levels.

You collected 100 gold pieces.

Inventory:

Hand Weapons
 l - a +0 mace
 o - a +0 flail
 x - a +1 dagger of protection (weapon)
Missiles
 p - 13 tomahawks (quivered)
 C - 35 arrows
 D - 6 large rocks
 E - 42 bolts
 H - 8 poisoned needles
Armour
 m - a +0 pair of boots (worn)
 n - a +0 cloak (worn)
 y - a +0 chain mail (worn)
Jewellery
 h - a ring of positive energy (left hand)
 r - an uncursed ring of flight {unknown}
Scrolls
 a - a scroll of enchant armour {unknown}
 b - a scroll of remove curse {unknown}
 g - 5 scrolls of identify {unknown}
 i - 2 scrolls of amnesia {unknown}
 j - 4 scrolls of recharging
Potions
 c - a potion of heal wounds {unknown}
 e - 2 potions of curing {unknown}
 f - a potion of magic {unknown}
 k - a potion of berserk rage
 q - a potion of beneficial mutation {unknown}
 v - a potion of flight {unknown}
 F - a potion of cancellation {unknown}
Comestibles
 d - 2 meat rations
 t - a slice of pizza
 u - a royal jelly
 A - a beef jerky


   Skills:
 + Level 4.6 Fighting
 + Level 2.7(4.1) Short Blades
   Level 4.2(4.6) Long Blades
 + Level 0.4 Maces & Flails
 + Level 2.3 Armour
 + Level 4.0 Dodging
 + Level 0.2 Stealth


You had 5 spell levels left.
You didn't know any spells.

Dungeon Overview and Level Annotations

Branches:
Dungeon (5/15)
 Temple: D:4-7

Altars:
Okawaru
Sif Muna


Message History

The ogre is moderately wounded.
The leopard gecko barely misses you.
You hit the ogre.
The ogre is heavily wounded.
The ogre hits you but does no damage. The leopard gecko barely misses you.
The ogre closely misses you. The leopard gecko bites you.
The leopard gecko bites you but does no damage.
The leopard gecko bites you but does no damage.
There is a stone staircase leading down here.
The leopard gecko closely misses you.
The ogre hits you with a giant spiked club!!
* * * LOW HITPOINT WARNING * * *
The leopard gecko bites you but does no damage.
You climb downwards.
A giant cockroach comes into view.
There is a stone staircase leading up here.
The leopard gecko bites you but does no damage.
The ogre hits you with a giant spiked club!
You die...

#.# #s#
#.# #
#.#####.#
##......
.....
#O.#####
#@.....#
##l###.#
... .....
..####
..# ...
...


You could see an ogre, a leopard gecko and a giant cockroach.

Vanquished Creatures
  A hound (D:3)
  An orc wizard (D:3)
  10 adders
  5 oozes
  A worm (D:2)
  4 dart slugs (D:2)
  A leopard gecko (D:1)
  5 orcs (D:3)
  2 giant cockroaches (D:3)
  7 goblins
  6 hobgoblins
  9 jackals
  2 quokkas (D:2)
  5 bats
  5 frilled lizards
  4 kobolds
  8 rats
76 creatures vanquished.

Notes
Turn   | Place    | Note
-------+----------+-------------------------------------------
     0 | D:1      | grimtage the Merfolk Berserker began the quest for the Orb.
     0 | D:1      | Reached XP level 1. HP: 18/18 MP: 1/1
    82 | D:1      | Reached XP level 2. HP: 15/24 MP: 2/2
   495 | D:1      | Reached XP level 3. HP: 28/30 MP: 3/3
  1061 | D:2      | Found an iron altar of Okawaru.
  1337 | D:2      | Reached XP level 4. HP: 34/37 MP: 4/4
  1360 | D:2      | Reached ** piety under Trog
  1491 | D:2      | Reached skill level 1 in Short Blades
  1776 | D:2      | Reached XP level 5. HP: 29/42 MP: 5/5
  2905 | D:3      | Found a deep blue altar of Sif Muna.
  2940 | D:3      | Reached XP level 6. HP: 47/49 MP: 6/6
  3085 | D:3      | Reached *** piety under Trog
  3269 | D:4      | HP: 2/49 [ogre/giant spiked club (21)]
  3270 | D:5      | Entered Level 5 of the Dungeon
  3271 | D:5      | Slain by an ogre

Skill      XL: |  1  2  3  4  5 |
---------------+----------------+-----
Dodging        | 3 4 |  4.0
Fighting       | 4 |  4.6
Long Blades    | 4 |  4.2
Short Blades   | 1 2 |  2.7
Armour         | 2 |  2.3
Maces & Flails | |  0.4
Stealth        | |  0.2

Action                   |  1- 3 |  4- 6 || total
-------------------------+-------+-------++-------
Melee: Falchion          |    74 |       ||    74
       Dagger            |    46 |   244 ||   290
       Flail             |       |    39 ||    39
  Use: Scroll            |     1 |     2 ||     3
       Potion            |       |     1 ||     1
  Eat: Bread ration      |       |     1 ||     1
       Meat ration       |       |     1 ||     1
Armor: Animal skin       |    13 |       ||    13
       Chain mail        |    56 |   222 ||   278
Dodge: Dodged            |   125 |   144 ||   269
       Rpst.: Falchion   |    35 |       ||    35
